Map: Backwater LE

Players

milkchug

  • Race: Zerg Zerg
  • Spawn Location: 11:00

A.I. 1 (Hard) - Winner!

  • Race: Zerg Zerg
  • Spawn Location: 5:00

VOD

Have the link to the VOD?

Description

Time

  • Played on: May 12, 2018, 9:45 a.m.
  • Length: 11:29
Show
View Real Time Build Order
Export as new Build Order

milkchug Zerg 

Build Orders: Hatch First 

Get SALT Encoding   

  12  0:02  Drone  
  13  0:13  Overlord  
  13  0:17  Drone  
  14  0:31  Drone x2  
  16  1:00  Hatchery  
  15  1:06  Spawning Pool  
  15  1:08  Drone  
  15  1:12  Drone  
  16  1:21  Drone  
  16  1:22  Drone  
  18  1:34  Drone  
  19  1:44  Extractor  
  18  1:52  Overlord  
  18  2:10  Zergling x2  
  18  2:15  Drone  
  20  2:18  Drone  
  20  2:22  Queen  
  23  2:30  Drone  
  23  2:36  Extractor  
  23  2:39  Zergling x2  
  24  2:45  Drone  
  24  2:46  Drone x2  
  27  3:06  Zergling x4  
  27  3:08  Hatchery, Drone  
  27  3:11  Metabolic Boost  
  29  3:16  Drone x2  
  31  3:30  Drone x2  
  33  3:44  Roach Warren  
  33  3:47  Overlord x3  
  32  4:10  Lair  
  32  4:23  Zergling x6  
  35  4:29  Baneling Nest  
  35  4:31  Drone  
  35  4:35  Drone x2  
  37  4:53  Roach x2  
  41  5:00  Drone  
  41  5:11  Drone  
  41  5:14  Zergling x4  
  43  5:28  Roach  
  43  5:34  Glial Reconstitution  
  43  5:38  Drone x2  
  43  5:39  Extractor, Drone  
  46  5:42  Drone  
  46  5:43  Extractor, Drone x2  
  47  5:52  Zergling x2  
  47  5:54  Hatchery, Overlord x2  
  47  5:58  Centrifical Hooks  
  47  6:06  Baneling  
  47  6:09  Baneling x3  
  47  6:23  Roach  
  47  6:24  Roach  
  51  6:28  Pneumatized Carapace  
  51  6:35  Roach  
  51  6:37  Queen  
  51  6:39  Queen  
  57  6:41  Drone x3  
  57  6:42  Drone x3  
  63  6:50  Drone  
  63  6:54  Zergling x2  
  65  6:58  Zergling x2  
  66  7:13  Drone  
  67  7:24  Roach x4  
  67  7:25  Roach x2  
  67  7:29  Zergling x2  
  80  7:31  Overlord x4  
  80  7:37  Tunneling Claws  
  80  7:50  Drone x2  
  82  7:53  Extractor  
  82  7:56  Extractor  
  80  8:00  Drone x2  
  80  8:01  Drone  
  80  8:04  Drone x3  
  85  8:19  Hydralisk Den  
  84  8:23  Roach x5  
  84  8:24  Roach x4  
  102  8:38  Evolution Chamber, Drone  
  102  8:43  Queen  
  104  9:00  Drone x3  
  107  9:04  Zergling x8  
  107  9:07  Overlord x5  
  111  9:22  Overlord  
  112  9:38  Drone x3  
  112  9:39  Drone x7  
  112  9:40  Drone  
  122  9:55  Hatchery  
  117  10:01  Roach x5  
  104  10:19  Roach, Hydralisk x4  
  99  10:34  Ravager  
  95  10:38  Drone x2  
  95  10:39  Hydralisk x2  
  96  10:46  Drone  
  61  11:17  Drone x2  
  55  11:23  Ravager  
Show
View Real Time Build Order
Export as new Build Order

A.I. 1 (Hard) Zerg - Winner!

Build Orders: Hatch First, Muta Ling Bane 

Get SALT Encoding   

  12  0:01  Drone  
  13  0:12  Overlord  
  13  0:17  Drone  
  14  0:30  Drone  
  14  0:32  Drone  
  14  0:34  Drone  
  17  0:55  Hatchery  
  17  0:56  Drone  
  17  1:11  Spawning Pool  
  17  1:12  Drone  
  17  1:16  Drone  
  18  1:19  Extractor  
  18  1:21  Drone  
  18  1:28  Overlord  
  18  1:38  Drone  
  19  1:58  Queen  
  19  1:59  Zergling x2  
  19  2:00  Zergling x2  
  23  2:02  Roach Warren  
  23  2:07  Drone  
  23  2:08  Extractor  
  22  2:10  Drone  
  23  2:23  Drone  
  24  2:39  Overlord  
  24  2:42  Roach x2  
  24  2:43  Roach  
  30  2:45  Roach  
  32  2:56  Baneling Nest  
  32  2:57  Drone  
  32  3:11  Extractor  
  32  3:12  Drone  
  32  3:17  Drone, Lair  
  33  3:36  Extractor  
  33  3:40  Zergling x2, Baneling  
  33  3:50  Drone  
  33  3:53  Drone  
  35  3:57  Overlord, Drone  
  36  4:07  Drone  
  37  4:12  Drone  
  37  4:16  Drone  
  39  4:17  Spire  
  39  4:18  Drone  
  39  4:22  Drone  
  40  4:25  Drone  
  40  4:31  Evolution Chamber  
  40  4:33  Drone  
  41  4:42  Zergling x2, Evolution Chamber  
  41  4:43  Overlord  
  41  4:52  Drone  
  42  4:56  Zergling x2  
  42  5:05  Baneling  
  36  5:14  Zergling x2  
  36  5:18  Queen  
  38  5:23  Drone  
  38  5:26  Drone  
  40  5:29  Drone  
  40  5:30  Mutalisk  
  40  5:33  Drone  
  44  5:40  Zergling x2  
  45  5:47  Drone  
  45  5:49  Mutalisk  
  48  5:50  Drone  
  48  5:53  Drone  
  50  5:58  Mutalisk  
  50  6:01  Overlord  
  52  6:08  Metabolic Boost, Drone  
  53  6:12  Drone  
  54  6:19  Drone  
  54  6:22  Zerg Melee Weapons Level 1  
  54  6:23  Drone  
  54  6:25  Mutalisk  
  58  6:26  Drone  
  58  6:27  Drone  
  58  6:30  Drone  
  61  6:34  Overlord  
  61  6:40  Drone  
  61  6:45  Drone  
  63  6:49  Zerg Ground Armor Level 1  
  63  6:51  Drone  
  64  6:57  Drone  
  64  6:58  Drone  
  64  6:59  Drone  
  67  7:02  Drone  
  67  7:07  Overlord  
  68  7:11  Burrow  
  68  7:12  Drone  
  69  7:18  Drone  
  70  7:23  Drone  
  70  7:28  Baneling  
  70  7:29  Zergling x2, Drone  
  73  7:30  Drone  
  74  7:38  Zergling x2, Overlord  
  74  7:41  Drone  
  76  7:47  Centrifical Hooks  
  76  7:48  Baneling  
  76  7:57  Zergling x2, Overseer  
  77  7:58  Overseer  
  77  8:00  Infestation Pit  
  77  8:03  Overlord  
  77  8:05  Drone  
  76  8:06  Zergling x2  
  76  8:09  Spore Crawler  
  76  8:14  Drone  
  76  8:15  Zergling x2  
  76  8:16  Zerg Missile Weapons Level 1  
  76  8:18  Spore Crawler, Drone  
  78  8:21  Spore Crawler  
  78  8:22  Drone  
  78  8:24  Mutalisk  
  78  8:26  Overlord  
  80  8:28  Spore Crawler  
  80  8:29  Drone  
  80  8:33  Mutalisk, Queen  
  82  8:38  Queen  
  86  8:43  Mutalisk, Spine Crawler, Drone  
  86  8:47  Spine Crawler  
  87  8:52  Mutalisk, Hydralisk Den  
  87  8:54  Spine Crawler  
  87  8:56  Spine Crawler, Drone  
  87  8:58  Drone  
  87  9:02  Zergling x2, Baneling  
  89  9:09  Hive  
  89  9:35  Overlord, Pneumatized Carapace, Hydralisk  
  89  9:36  Overseer  
  91  9:40  Roach  
  91  9:45  Hatchery, Hydralisk  
  94  9:50  Hydralisk  
  96  9:55  Overlord  
  96  9:56  Roach  
  98  10:01  Roach  
  98  10:06  Roach  
  101  10:11  Roach  
  101  10:13  Hatchery  
  100  10:15  Overlord  
  100  10:16  Roach  
  100  10:20  Hydralisk  
  96  10:23  Drone, Viper  
  96  10:25  Hydralisk  
  96  10:28  Drone x3  
  93  10:31  Hydralisk  
  93  10:35  Drone  
  89  10:36  Infestor  
  89  10:37  Roach, Drone  
  89  10:42  Roach  
  81  10:46  Hydralisk  
  81  10:49  Infestor  
  69  10:52  Roach  
  67  10:57  Roach  
  67  11:01  Hydralisk, Drone  
  67  11:02  Drone  
  64  11:16  Drone  
Tags
 
Composition
Muta Ling Bane
Matchup
ZvZ
Race
Zerg
Spawn Locations
Cross Positions
Add a new tag
Caveats
  • Supply blocks, unpowered buildings, or Contaminate may cause inaccurate times.
  • Supply counts are checked every 10 seconds.